 Dungeon Crawl Stone Soup version 0.30-a0-800-g7c544603b3 (webtiles) character file.

Game seed: 4266551554939461534

108 Newt the Trooper (level 4, -2/37 HPs)
             Began as a Demonspawn Gladiator on Feb 22, 2023.
             Slain by a white imp (3 damage)
             ... summoned by Natasha
             ... on level 2 of the Dungeon.
             The game lasted 00:01:56 (1262 turns).

Newt the Trooper (Demonspawn Gladiator)             Turns: 1262, Time: 00:01:56

Health: -2/37      AC:  6    Str: 16    XL:     4   Next: 58%
Magic:  0/13       EV: 12    Int:  9    God:
Gold:   96         SH:  0    Dex: 15    Spells: 3/3 levels left

rFire   . . .      SeeInvis .    a - +0 rapier
rCold   . . .      Faith    .    (no shield)
rNeg    . . .      Spirit   +    b - +0 leather armour
rPois   .          Reflect  .    c - +0 helmet
rElec   .          Harm     .    (no cloak)
rCorr   .          Rampage  .    (no gloves)
Will    .....                    (no boots)
Stlth   ++                       i - amulet of guardian spirit
HPRegen 0.26/turn                h - ring of magical power
MPRegen 0.13/turn                e - ring of wizardry

@: slowed, very slow
A: icy blue scales 1, powered by pain 1
a: no special abilities


You were on level 2 of the Dungeon.
You visited 1 branch of the dungeon, and saw 2 of its levels.

You collected 96 gold pieces.

Inventory:

Hand Weapons
 a - a +0 rapier (weapon)
Missiles
 k - a javelin (quivered)
 m - 3 poisoned darts
Armour
 b - a +0 leather armour (worn)
 c - a +0 helmet (worn)
Jewellery
 e - a ring of wizardry (right hand)
 h - a ring of magical power (left hand)
 i - an amulet of guardian spirit (around neck)
Scrolls
 f - 3 scrolls of teleportation
Potions
 g - a potion of brilliance
 l - a potion of ambrosia {unknown}
 n - a potion of curing {unknown}
 o - a potion of haste {unknown}
 q - a potion of mutation {unknown}


   Skills:
 - Level 4.0 Fighting
 - Level 2.6 Short Blades
 + Level 2.6 Throwing
 - Level 2.6 Dodging
 - Level 1.5 Stealth


You had 3 spell levels left.
You didn't know any spells.
Your spell library was empty.

Dungeon Overview and Level Annotations

Branches:
Dungeon (2/15)

Altars:

Annotations:
D:2 Natasha


Innate Abilities, Weirdness & Mutations

You are partially covered in icy blue scales. (AC +2)
You sometimes gain a little power by taking damage.


Message History

You throw a throwing net.
The throwing net closely misses Natasha.
The shadow imp gestures at you.
You barely resist. Natasha claws you!
* * * LOW HITPOINT WARNING * * *
The white imp gestures at you. The puff of frost hits you.
* * * LOW HITPOINT WARNING * * *
You feel much better. The shadow imp barely misses you. Natasha claws you.
The white imp misses you.
The white imp hits you but does no damage.
The shadow imp hits you but does no damage.
Natasha claws you. The white imp hits you. The white imp freezes you.
The white imp gestures at you. The puff of frost hits you.
You hit Natasha.
Natasha is lightly wounded.
The shadow imp completely misses you. Natasha claws you but does no damage.
The white imp laughs crazily.
The white imp misses you.
The white imp hits you but does no damage.
The shadow imp hits you.
* * * LOW HITPOINT WARNING * * *
The white imp gestures at you. The puff of frost hits you.
* * * LOW HITPOINT WARNING * * *
Natasha barely misses you.
You barely miss Natasha.
Natasha is lightly wounded.
The white imp grinds its teeth.
The white imp barely misses you.
The shadow imp shouts, "Fly, thou feckless fat-kidneyed wormtrail!"
The shadow imp closely misses you. The white imp misses you. Natasha claws you.
* * * LOW HITPOINT WARNING * * *
The white imp barely misses you.
You hit Natasha.
Natasha is heavily wounded.
The shadow imp disappears in a puff of smoke!
Natasha claws you but does no damage. The white imp hits you.
You die...

....# #........# #.............#
##..# #........# #.............#
##..# ##..####### ##............#
#..# #......... #............#
##..###......... #............#
...>............####.##..)#######
...#####..............#..(#
................55........#
.........(.....h@§..#.#...###
..†..............#..........#####
............[....########......<#
........########.........<#.##..#
........# #########.##.# .#
.......)# #.. .# ........# #.. #
........# ... ...###### .##.


You could see Natasha and 2 white imps.

Vanquished Creatures
  Natasha (D:2)
  Terence (D:2)
  2 adders (D:2)
  A dart slug (D:1)
  3 ball pythons
  2 endoplasms (D:1)
  A giant cockroach (D:1)
  3 goblins (D:1)
  6 hobgoblins
  4 jackals (D:2)
  7 bats
  2 frilled lizards
  3 kobolds
  4 rats
40 creatures vanquished.

Notes
Turn   | Place    | Note
-------+----------+-------------------------------------------
     0 | D:1      | Newt the Demonspawn Gladiator began the quest for the Orb.
     0 | D:1      | Reached XP level 1. HP: 16/16 MP: 1/1
    60 | D:1      | Reached skill level 1 in Stealth
    71 | D:1      | Found a faded altar of an unknown god.
   126 | D:1      | Gained mutation: You are partially covered in icy blue
                  | scales. (AC +2) [demonic ancestry]
   126 | D:1      | Reached XP level 2. HP: 22/22 MP: 2/2
   780 | D:2      | Noticed Terence
   790 | D:2      | Killed Terence
   791 | D:2      | Reached skill level 3 in Fighting
   791 | D:2      | Gained mutation: You sometimes gain a little power by
                  | taking damage. [demonic ancestry]
   791 | D:2      | Reached XP level 3. HP: 26/29 MP: 3/3
  1001 | D:2      | Noticed Natasha
  1011 | D:2      | Killed Natasha
  1012 | D:2      | Reached skill level 4 in Fighting
  1012 | D:2      | Reached XP level 4. HP: 37/37 MP: 4/4
  1248 | D:2      | Noticed Natasha
  1261 | D:2      | HP: 1/37 [Natasha (5)]
  1262 | D:2      | Slain by a white imp

Illustrated notes

Levels and vault maps discovered:
D:1:      minmay_arrival_three_doors, layout_loops_ring,
          hellmonk_ecumenical_altar_blasted, feat_on_display
D:2:      minmay_alternating_diamond, layout_basic, grunt_ministairs_8,
          minmay_tetromino_i2, uniq_natasha, uniq_terence

Skill      XL: |  1  2  3 |
---------------+----------+-----
Stealth        | 1 |  1.5
Fighting       | 3 4 |  4.0
Throwing       | 2 |  2.6
Short Blades   | |  2.6
Dodging        | |  2.6

Action                     |  1- 3 |  4- 6 || total
---------------------------+-------+-------++-------
  Melee: Rapier            |   100 |    61 ||   161
  Throw: Dart              |     4 |       ||     4
         Javelin           |     1 |       ||     1
         Throwing net      |     3 |     2 ||     5
    Use: Scroll            |     3 |     1 ||     4
         Potion            |       |     1 ||     1
   Stab: Sleeping          |     2 |     1 ||     3
         Held in net/web   |     1 |       ||     1
 Armour: Leather armour    |    38 |    37 ||    75
  Dodge: Dodged            |    69 |    60 ||   129

Table legend: (Time is in decaauts)
 A = Elapsed time spent in this place.
 B = Non-inter-level travel time spent in this place.
 C = Inter-level travel time spent in this place.
 D = Time resting spent in this place.
 E = Time spent auto-exploring this place.
 F = Levels seen in this place.
 G = Mean time per level.
                   A        B        C        D        E       F      G
               +--------+--------+--------+--------+--------+-----+--------+
         Total |   1278 |   1210 |     68 |     17 |    857 |   2 |  639.0 |
       Dungeon |   1278 |   1210 |     68 |     17 |    857 |   2 |  639.0 |
               +--------+--------+--------+--------+--------+-----+--------+

Top non-repeatable levels by time:
     D:1: 781 daAuts
     D:2: 496 daAuts
